 Dungeon Crawl Stone Soup version 0.23.1 (webtiles) character file.

Game seed: 9119902443863066108

119 Fang the Skirmisher (level 5, -3/49 HPs)
             Began as a Gargoyle Berserker on Mar 11, 2019.
             Was a Believer of Trog.
             Killed by divine providence
             ... invoked by an orc priest
              (11 damage)
             ... on level 3 of the Dungeon.
             The game lasted 00:02:14 (2268 turns).

Fang the Skirmisher (Gargoyle Berserker)            Turns: 2268, Time: 00:02:15

Health: -3/49      AC:  6    Str: 26    XL:     5   Next: 3%
Magic:  5/5        EV: 12    Int:  8    God:    Trog [**....]
Gold:   124        SH:  0    Dex:  9    Spells: 4/4 levels left

rFire    . . .     SeeInvis .   a - +0 hand axe
rCold    . . .     Gourm    .   (no shield)
rNeg     + . .     Faith    .   b - +0 animal skin
rPois    ∞         Spirit   .   (no helmet)
rElec    +         Reflect  .   l - scarf {repulsion}
rCorr    .         Harm     .   (no gloves)
MR       .....                  (no boots)
Stlth    ..........             (no amulet)
HPRegen  0.16/turn              (no ring)
MPRegen  0.09/turn              (no ring)

@: berserking, repel missiles, very quick
A: negative energy resistance 1, electricity resistance, unbreathing,
petrification resistance, rot immunity, AC +4
a: Berserk, Trog's Hand, Renounce Religion


You were on level 3 of the Dungeon.
You worshipped Trog.
Trog was pleased with you.
You were very hungry.

You visited 1 branch of the dungeon, and saw 3 of its levels.

You collected 124 gold pieces.

Inventory:

Hand Weapons
 a - a +0 hand axe (weapon)
Armour
 b - a +0 animal skin (worn)
 l - a scarf of repulsion (worn)
Scrolls
 e - a scroll of remove curse {unknown}
 g - 3 scrolls of teleportation {unknown}
Potions
 d - a potion of might {unknown}
 f - a potion of lignification {unknown}
 h - 3 potions of curing {unknown}
 j - a potion of agility {unknown}
 k - a potion of flight {unknown}
Comestibles
 c - 7 rations
 i - 2 chunks of flesh


   Skills:
 + Level 4.1 Fighting
 + Level 3.4 Axes
 + Level 3.3 Armour
 + Level 2.4 Dodging


You had 4 spell levels left.
You didn't know any spells.
Your spell library was empty.

Dungeon Overview and Level Annotations

Branches:
Dungeon (2/15)

Altars:


Innate Abilities, Weirdness & Mutations

You are resistant to torment.
Your stone body is resilient. (AC +4)
You are immune to poison.
You resist negative energy. (rN+)
You are resistant to electric shocks. (rElec)
You can survive without breathing.
You are immune to petrification.
You are immune to rotting.


Message History

Trog accepts your kill.
You have reached level 5!
You slash the orc!
You feel the power of Trog in you as your rage grows.
You kill the orc!
Trog accepts your kill.
The orc priest hits you with a cursed -1 whip.
* * * LOW HITPOINT WARNING * * *
You hit the orc priest but do no damage.
You closely miss the orc priest.
The orc priest looks encouraged for a moment.
You slash the orc priest!
The orc priest is heavily wounded.
The orc priest hits you with a cursed -1 whip.
* * * LOW HITPOINT WARNING * * *
You hit the orc priest.
The orc priest is almost dead.
The orc priest invokes the aid of Beogh against you.
Beogh smites you!
You die...

#.........
###..........#..
#............#.#
###.#..........#.#
.......####+###..#
.......# #.# #..#
.......# #.# #..####
.......# #.###.†...#
###.#######...).@)..#
##.#.......#####o.r#
#..#.#####.# .......
#.##.# #.# .......
#.##.# #.# #.....#
#.##.# #.# .##...
##.##.# #.# ## .#.
....#.#####.# #
##..#.....#.#


You could see an orc priest and a rat.

Vanquished Creatures
  A gnoll (D:1)
  2 adders
  2 worms (D:2)
  A dart slug (D:1)
  4 leopard geckos
  6 orcs (D:3)
  3 giant cockroaches
  5 goblins
  6 hobgoblins
  16 jackals
  5 kobolds (D:2)
  A ball python (D:2)
  5 bats
  4 frilled lizards
  5 rats
66 creatures vanquished.

Notes
Turn   | Place    | Note
-------+----------+-------------------------------------------
     0 | D:1      | Fang the Gargoyle Berserker began the quest for the Orb.
     0 | D:1      | Reached XP level 1. HP: 14/14 MP: 1/1
   266 | D:1      | Reached XP level 2. HP: 11/19 MP: 2/2
   811 | D:1      | Reached XP level 3. HP: 12/23 MP: 3/3
  1436 | D:2      | Reached XP level 4. HP: 19/29 MP: 4/4
  1778 | D:2      | Reached ** piety under Trog
  1951 | D:2      | Reached skill level 4 in Fighting
  2170 | D:2      | You fall through a shaft!
  2264 | D:3      | Reached XP level 5. HP: 10/33 MP: 5/5
  2268 | D:3      | Killed from afar by an orc priest

Skill      XL: |  1  2  3  4 |
---------------+-------------+-----
Axes           | 3 |  3.4
Dodging        | 2 |  2.4
Armour         | 3 |  3.3
Fighting       | 4 |  4.1

Action                   |  1- 3 |  4- 6 || total
-------------------------+-------+-------++-------
Melee: Hand axe          |   101 |    79 ||   180
Invok: Berserk           |     1 |     1 ||     2
 Stab: Sleeping          |     1 |     1 ||     2
  Eat: Chunk             |     3 |     2 ||     5
Armor: Animal skin       |    34 |    23 ||    57
Dodge: Dodged            |    82 |    76 ||   158
